 Dungeon Sprint DCSS version bcrawl-1.23.1-30-gcf7fa35852 (webtiles) character file.

Game seed: 18258348659309491174

6 funkygono the Shield-Bearer (level 2, -1/25 HPs)
             Began as a Formicid Fighter on May 30, 2020.
             Was an Initiate of Okawaru.
             Slain by a large abomination (16 damage)
             ... in the Dungeon (Sprint V: "Ziggurat Sprint").
             The game lasted 00:02:31 (162 turns).

funkygono the Shield-Bearer (Formicid Fighter)       Turns: 162, Time: 00:02:32

Health: -1/25      AC: 26    Str: 32    XL:     2   Next: 0%
Magic:  4/4        EV:  1    Int:  7    God:    Okawaru [......]
Gold:   0          SH: 29    Dex: 10    Spells: 1/1 levels left

rFire    . . .     SeeInvis +   H - +10 dark maul {crush}
rCold    . . .     Gourm    .   J - +18 shield of the Gong {rElec rN+ MR+ EV-5}
rNeg     + . .     Faith    .   I - +15 Maxwell's patent armour {-Cast -Tele rElec MR+ rCorr}
rPois    .         Spirit   .   (helmet unavailable)
rElec    +         Reflect  .   (no cloak)
rCorr    +         Harm     .   (no gloves)
MR       ++...     NoCast   +   (no boots)
Stlth    ..........             (no amulet)
HPRegen  0.08/turn              A - +6 ring of strength
MPRegen  0.09/turn              B - +6 ring of strength

@: no status effects
A: permanent stasis, dig shafts and tunnels, four strong arms, antennae 3
a: Dig, Renounce Religion


You were in the Dungeon.
You worshipped Okawaru.
Okawaru was noncommittal.
You were not hungry.

You visited 1 branch

Inventory:

Hand Weapons
 H - the +10 dark maul (weapon) {crush}
   (You found it in the Dungeon)

   It inflicts extra damage upon your enemies.
Armour
 I - the +15 Maxwell's patent armour (worn) {-Cast -Tele rElec MR+ rCorr}
   (You found it in the Dungeon)

   It insulates you from electricity.
   It affects your resistance to hostile enchantments.
   It prevents spellcasting.
   It prevents most forms of teleportation.
   It provides partial protection from all sources of acid and corrosion.
 J - the +18 shield of the Gong (worn) {rElec rN+ MR+ EV-5}
   (You found it in the Dungeon)

   It affects your evasion (-5).
   It insulates you from electricity.
   It protects you from negative energy.
   It affects your resistance to hostile enchantments.
Jewellery
 A - a +6 ring of strength (left hand)
 B - a +6 ring of strength (right hand)
Wands
 C - a wand of disintegration (7)
 D - a wand of iceblast (7)
 E - a wand of acid (7)
Scrolls
 q - 4 scrolls of amnesia
 r - 7 scrolls of fog
 s - 5 scrolls of identify
 t - 5 scrolls of remove curse
 u - 2 scrolls of fear
Potions
 d - 6 potions of might
 f - 10 potions of curing
 g - 10 potions of heal wounds
 i - 7 potions of magic
 l - 2 potions of brilliance
 m - 2 potions of invisibility
 n - 4 potions of resistance
 p - 5 potions of agility
Miscellaneous
 v - a lightning rod (4/4)
Comestibles
 e - 7 rations {!d}


   Skills:
 * Level 4.3 Fighting
 * Level 3.3 Maces & Flails
 * Level 4.3 Armour
 * Level 2.0 Dodging
 + Level 3.3 Stealth
 * Level 4.7 Shields
 * Level 2.7 Invocations
 * Level 2.5 Evocations


You had one spell level left.
You didn't know any spells.
Your spell library was empty.

Dungeon Overview and Level Annotations

Branches:
Dungeon (1/1)

Altars:
Ashenzari
Cheibriados
Dithmenos
Elyvilon
Fedhas
Gozag
Hepliaklqana
Kikubaaqudgha
Lugonu
Makhleb
Nemelex Xobeh
Okawaru
Qazlal
Ru
Sif Muna
Trog
Uskayaw
Vehumet
Wu Jian
Xom
Yredelemnul
Zin
The Shining One
Beogh
Jiyva

Annotations:
D 1 transporter


Innate Abilities, Weirdness & Mutations

You cannot be hasted, slowed, berserked, paralysed or teleported.
You can dig through walls and to a lower floor.
Your four strong arms can wield two-handed weapons with a shield.
You have a pair of large antennae on your head. (SInv)


Message History

SHROANNG!
The quasit claws you but does no damage.
The large abomination hits you but does no damage.
The quasit completely misses you.
The quasit claws you but does no damage. x2
The large abomination hits you.
You miss the quasit.
The quasit is severely wounded.
The quasit bites you but does no damage.
You block the quasit's attack.
BOUMMMMG!
You block the quasit's attack.
PANG!
The quasit bites you but does no damage.
The quasit claws you but does no damage.
You block the quasit's attack.
PTOANNNG!
The large abomination hits you!
Ouch! That really hurt!
You die...

▓▓▓▓▓▓▓
▓.8©8.▓
{{
▓.....▓
▓.}.=.▓
▓..5X.▓
▓..@..▓
▓..©..▓
▓▓▓▓▓▓▓
{{{ { {


You could see a large abomination and a quasit.

Vanquished Creatures (others)
  2 spatial maelstroms (D)
2 creatures vanquished.

Notes
Turn   | Place    | Note
-------+----------+-------------------------------------------
     0 | D        | funkygono the Formicid Fighter began the quest for the Orb.
     0 | D        | Reached XP level 1. HP: 18/18 MP: 1/1
     0 | D        | Found a shimmering blue altar of Sif Muna.
     0 | D        | Found a sacrificial altar of Ru.
     0 | D        | Found a bloodstained altar of Trog.
     0 | D        | Found a stormy altar of Qazlal.
     0 | D        | Found an iron altar of Okawaru.
     0 | D        | Found a sparkling altar of Nemelex Xobeh.
     0 | D        | Found a blossoming altar of Fedhas.
     1 | D        | Found the +6 Majin-Bo {vamp, *Drain Str+12 Int+24}
     1 | D        | Found the +7 great mace "Firestarter" {inner flame, rF++}
     2 | D        | Found a transporter.
     2 | D        | Found an ancient bone altar of Kikubaaqudgha.
     2 | D        | Found a viscous altar of Jiyva.
     2 | D        | Found a corrupted altar of Lugonu.
     2 | D        | Found a hazy altar of Hepliaklqana.
     2 | D        | Found a burning altar of Makhleb.
     2 | D        | Found an opulent altar of Gozag.
     3 | D        | Banished a spatial maelstrom
    10 | D        | Banished a spatial maelstrom
    22 | D        | Found the +9 heavy crossbow "Sniper" {velocity, Acc+∞ SInv}
    22 | D        | Found the +10 dark maul {crush}
    22 | D        | Found the +15 Maxwell's patent armour {-Cast -Tele rElec
                  | MR+ rCorr}
    22 | D        | Found the +18 shield of the Gong {rElec rN+ MR+ EV-5}
    22 | D        | Found the cursed +14 obsidian axe {chop, +Fly SInv *Curse}
    24 | D        | Found the +6 shillelagh "Devastator" {shatter}
    24 | D        | Found the +11 plutonium sword {*Contam Stlth-}
    24 | D        | Found the +8 lance "Wyrmbane" {slay drac, rPois rF+ rC+
                  | AC+3}
    24 | D        | Found the +9 sword of Zonguldrok {reap}
    24 | D        | Found the cursed +13 scythe of Curses {drain, *Curse}
    24 | D        | Found the +0 sword of Power
    24 | D        | Found the +7 mace of Variability {chain chaos}
    24 | D        | Found the +7 Singing Sword {slice}
    24 | D        | Found the +7 longbow "Piercer" {penet, EV-2}
   124 | D        | Became a worshipper of Warmaster Okawaru
   132 | D        | Reached XP level 2. HP: 25/25 MP: 2/4
   158 | D        | Entered arena 2.
   158 | D        | Noticed a quasit
   158 | D        | Noticed a large abomination
   158 | D        | Found a transporter.
   162 | D        | Slain by a large abomination

Skill      XL: |  1 |
---------------+----+-----
Fighting       | 4 |  4.3
Maces & Flails | 3 |  3.3
Armour         | 4 |  4.3
Dodging        | 2 |  2.0
Stealth        | 3 |  3.3
Shields        | 4 |  4.7
Invocations    | 2 |  2.7
Evocations     | 2 |  2.5

Action                   || total
-------------------------++-------
Melee: Maul              ||     3
  Use: Potion            ||     1
Armor: Plate armour      ||    17
Dodge: Dodged            ||     2
Block: Medium shield     ||    14
